 Dungeon Crawl Stone Soup version 0.21-a0-142-gdd972a7 (webtiles) character file.

13545 Manul the Cleaver (level 11, -4/86 HPs)
             Began as a Mummy Gladiator on July 23, 2017.
             Was an Initiate of Gozag.
             Slain by an orc knight
             ... wielding a +0 trident
              (17 damage)
             ... in a bailey.
             The game lasted 00:19:57 (15705 turns).

Manul the Cleaver (Mummy Gladiator)                Turns: 15705, Time: 00:19:57

Health: -4/86      AC: 12    Str: 22    XL:     11   Next: 77%
Magic:  12/12      EV: 13    Int:  7    God:    Gozag
Gold:   881        SH:  0    Dex: 13    Spells: 10/10 levels left

rFire    + . .     SeeInvis +   x - +14 obsidian axe {chop, +Fly SInv *Curse} (curse)
rCold    + + +     Gourm    .   (no shield)
rNeg     + + +     Faith    .   A - +1 scale mail "Dokhle Qyosui" {Str+3 Dex-3 Slay+2} (curse)
rPois    ∞         Spirit   .   c - +1 helmet
rElec    +         Reflect  .   r - +0 cloak
rCorr    +         Harm     .   (no gloves)
MR       +....                  (no boots)
Stlth    ..........             (no amulet)
HPRegen  0.24/turn              o - ring of protection from cold
MPRegen  0.13/turn              y - ring of protection from fire

@: resistant, gold aura, mesmerised, hasted, very quick
A: no food or potions, fire vulnerability, cold resistance 1, negative energy
resistance 3, torment resistance, unbreathing
a: Potion Petition, Call Merchant, Bribe Branch, Renounce Religion, Evoke Flight


You were in a bailey.
You worshipped Gozag.
Gozag was pleased with you.
You were not hungry.

You visited 2 branches of the dungeon, and saw 12 of its levels.
You also visited: Bailey.

You collected 2146 gold pieces.
You spent 441 gold pieces at shops.
You paid 824 gold pieces to Gozag.

Inventory:

Hand Weapons
 a - a +0 flail
 l - a +0 scythe
 x - the cursed +14 obsidian axe (weapon) {chop, +Fly SInv *Curse}
   (You found it on level 7 of the Dungeon)

   It inflicts extra damage upon your enemies.
   It lets you see invisible.
   It lets you fly.
   It curses itself when equipped.
   It has a curse placed upon it.
Missiles
 d - 6 throwing nets (quivered)
Armour
 c - a +1 helmet (worn)
 j - a +0 ring mail
 r - a +0 cloak (worn)
 w - the +0 robe of Eternal Vigilance {+Inv rC+++ Str-3 Stlth+}
   (You bought it in a shop on level 7 of the Dungeon)

   It affects your strength (-3).
   It renders you almost immune to cold.
   It lets you turn invisible.
   It makes you more stealthy.
 A - the cursed +1 scale mail "Dokhle Qyosui" (worn) {Str+3 Dex-3 Slay+2}
   (You bought it in a shop on level 7 of the Dungeon)

   It affects your strength (+3).
   It affects your dexterity (-3).
   It affects your accuracy and damage with ranged weapons and melee attacks
   (+2).
   It has a curse placed upon it.
Jewellery
 o - a ring of protection from cold (left hand)
 y - a ring of protection from fire (right hand)
Wands
 b - a wand of clouds (2/9)
 m - a wand of acid (13/15)
 p - a wand of disintegration (5/24)
 s - a wand of iceblast (2/15)
 u - a wand of iceblast (7/15)
 z - a wand of lightning (7/15)
 C - a wand of random effects (15/48)
 D - a wand of iceblast (8/15)
Scrolls
 e - 2 scrolls of enchant armour
 f - 3 scrolls of recharging
 g - a scroll of noise {unknown}
 h - a scroll of amnesia
 i - 2 scrolls of magic mapping
 k - a scroll of enchant weapon {unknown}
 n - 5 scrolls of identify
 q - 5 scrolls of teleportation
 t - 2 scrolls of fog {unknown}
 B - a scroll of holy word {unknown}
Books
 v - a book of Geomancy

   Spells                             Type                      Level
   a - Sandblast                      Earth                        1
   b - Passwall                       Transmutation/Earth          2
   c - Stone Arrow                    Conjuration/Earth            3
   d - Petrify                        Transmutation/Earth          4
   e - Lee's Rapid Deconstruction     Earth                        5


   Skills:
 + Level 8.2 Fighting
 + Level 8.5(9.9) Axes
 + Level 8.2(9.8) Maces & Flails
 + Level 1.8 Throwing
 + Level 6.5 Armour
 + Level 6.4 Dodging
 - Level 0.5 Stealth
 + Level 1.4 Evocations


You had 10 spell levels left.
You didn't know any spells.

Dungeon Overview and Level Annotations

Branches:
Dungeon (11/15)            Temple (1/1) D:6            Lair (0/6) D:11
    Orc: D:9-12

Altars:
Cheibriados
Fedhas
Gozag
Hepliaklqana
Nemelex Xobeh
Okawaru
Qazlal
Sif Muna
Trog
Uskayaw
Vehumet
Wu Jian
Xom
Yredelemnul
Zin
The Shining One

Shops:
D:6 %   D:7 [   D:9 (=


Innate Abilities, Weirdness & Mutations

You do not eat or drink.
Your flesh is vulnerable to fire.
You are immune to poison.
Your flesh is cold resistant. (rC+)
You are immune to negative energy. (rN+++)
You are immune to unholy pain and torment.
You can survive without breathing.


Message History

The orc knight is no longer distracted by gold.
The orc knight is moderately wounded.
You completely miss the orc knight. Your sixfirhy hits the orc knight.
Your sixfirhy shocks the orc knight!
Your sixfirhy hits the orc knight but does no damage. x2
Unknown command.
You slash the orc knight!
The orc knight is almost dead.
You slash the orc knight!
You are no longer entranced.
You kill the orc knight!
Visions of slaying the orc knight flood into your mind.
The orc is no longer distracted by gold. x2
The orc knight hits you with a trident!
* * * LOW HITPOINT WARNING * * *
You closely miss the orc knight.
The orc knight is almost dead.
The orc barely misses you. The orc knight hits you with a trident!
You die...
Your body crumbles into a pile of gold.

####### #######
##..)..#########..§..##
#.)))...#.....#.§§§...+
#..)))..'.!!!.'§§§§...+
'.))))..'.!!!.'$@§§o..+
#...)...'.!!!.'.3o§...+
#.......#.....#.$o....+
##.....#########.....##
####### #######


You could see an orc knight, 2 orcs and a friendly sixfirhy.

Vanquished Creatures
  A catoblepas (D:11)
  4 two-headed ogres
  An orc knight (Bailey)
  The ghost of Mulkerokala the Caller, a novice DESu (D:6)
  The ghost of rexbael the Archer, an amateur CeHu of Trog (D:4)
  A troll (D:10)
  2 hippogriffs
  Sigmund (D:3)
  A wyvern (D:10)
  6 yaks (D:10)
  A human (D:8)
  A soldier ant (D:10)
  5 orc warriors
  5 black bears
  A necrophage (D:9)
  3 ice beasts
  5 phantoms
  A sky beast (Temple)
  An ogre (D:8)
  6 centaurs
  3 big kobolds
  A crocodile (D:9)
  4 bullfrogs
  2 gnoll sergeants
  3 scorpions
  8 killer bees
  14 wights
  3 howler monkeys
  4 crimson imps
  4 jellies
  A bullfrog zombie (D:8)
  A centaur zombie (D:5)
  9 hounds
  A gnoll shaman (D:4)
  2 bullfrog skeletons
  4 iguanas
  7 orc priests
  15 orc wizards
  7 worker ants
  2 hound zombies
  A hound skeleton (D:5)
  Robin (D:3)
  21 gnolls
  21 adders
  5 shadow imps
  An ooze (D:3)
  5 worms
  2 dart slugs
  4 leopard geckos
  45 orcs
  3 ball pythons
  10 bats
  10 giant cockroaches
  19 goblins
  11 hobgoblins
  8 jackals
  4 quokkas
  A ball python zombie (D:5)
  7 frilled lizards
  12 kobolds
  A quokka skeleton (D:7)
  9 rats
344 creatures vanquished.

Vanquished Creatures (collateral kills)
  A two-headed ogre (D:10)
  A troll (D:10)
  4 orc warriors (Bailey)
  An ice beast (D:8)
  An ogre (D:10)
  A wolf (D:9)
  2 centaurs
  A crocodile (D:9)
  A bullfrog (D:9)
  A gnoll sergeant (D:9)
  2 howler monkeys
  An orc priest (D:8)
  A gnoll shaman (D:9)
  A hound (D:9)
  An orc wizard (D:9)
  A worker ant (D:8)
  2 gnolls (D:9)
  10 orcs
33 creatures vanquished.

Vanquished Creatures (others)
  A hobgoblin (D:3)
1 creature vanquished.

Grand Total: 378 creatures vanquished

Notes
Turn   | Place    | Note
-------+----------+-------------------------------------------
     0 | D:1      | Manul the Mummy Gladiator began the quest for the Orb.
     0 | D:1      | Reached XP level 1. HP: 16/16 MP: 1/1
   108 | D:1      | Reached XP level 2. HP: 17/22 MP: 2/2
   733 | D:2      | Reached XP level 3. HP: 22/27 MP: 3/3
  1647 | D:3      | Reached XP level 4. HP: 31/34 MP: 4/4
  1651 | D:3      | Reached skill level 1 in Armour
  1963 | D:3      | Reached XP level 5. HP: 15/39 MP: 5/5
  2161 | D:3      | Noticed Robin
  2172 | D:3      | Killed Robin
  2560 | D:3      | Noticed Sigmund
  2577 | D:3      | Killed Sigmund
  2577 | D:3      | Reached XP level 6. HP: 15/47 MP: 6/6
  3008 | D:4      | Noticed rexbael's ghost (amateur CeHu)
  3414 | D:4      | Found a glowing silver altar of Zin.
  3414 | D:4      | Found a radiant altar of Vehumet.
  3899 | D:4      | Reached XP level 7. HP: 36/52 MP: 7/7
  3907 | D:4      | Found a blossoming altar of Fedhas.
  4513 | D:5      | Entered Level 5 of the Dungeon
  4915 | D:4      | HP: 1/52 [leopard gecko (3)]
  5441 | D:5      | Reached skill level 5 in Maces & Flails
  6040 | D:5      | Found an iron altar of Okawaru.
  6256 | D:5      | Reached XP level 8. HP: 48/60 MP: 8/8
  6265 | D:5      | Found a sparkling altar of Nemelex Xobeh.
  7870 | D:6      | Noticed Mulkerokala's ghost (novice DESu)
  7942 | D:6      | Killed Mulkerokala's ghost
  7942 | D:6      | Reached skill level 5 in Dodging
  7953 | D:6      | Found a staircase to the Ecumenical Temple.
  7979 | Temple   | Entered the Ecumenical Temple
  7990 | Temple   | Reached XP level 9. HP: 43/67 MP: 9/9
  8114 | Temple   | Became a worshipper of Gozag Ym Sagoz the Greedy
  8969 | D:4      | Killed rexbael's ghost
  8969 | D:4      | Reached skill level 5 in Fighting
  9537 | D:4      | Found a deep blue altar of Sif Muna.
  9714 | D:6      | Found Tuh Wuf's Food Emporium.
  9930 | D:7      | Found Kotogem's Antique Armour Emporium.
  9936 | D:7      | Bought a thick robe for 171 gold pieces
  9946 | D:7      | Identified the cursed +0 robe of Eternal Vigilance {+Inv rC+++ Str-3 Stlth+} (You bought it in a shop on level 7 of the Dungeon)
 10022 | D:7      | Reached skill level 5 in Armour
 10412 | D:7      | Reached skill level 1 in Evocations
 10754 | D:7      | Found a bloodstained altar of Trog.
 10764 | D:7      | Reached skill level 1 in Axes
 10983 | D:8      | Noticed a two-headed ogre
 10990 | D:8      | Killed a two-headed ogre
 10990 | D:8      | Reached XP level 10. HP: 19/76 MP: 10/10
 11336 | D:8      | Found a runed door.
 11351 | D:8      | Found a basalt altar of Yredelemnul.
 11446 | D:8      | Noticed a two-headed ogre
 11456 | D:8      | Killed a two-headed ogre
 12102 | D:9      | Reached skill level 5 in Axes
 12573 | D:9      | Found Maboinioj's Antique Weapon Shop.
 12885 | D:9      | Found Hufutia's Jewellery Boutique.
 13141 | D:10     | Entered Level 10 of the Dungeon
 13189 | D:10     | Noticed a two-headed ogre
 13194 | D:10     | HP: 2/79 [two-headed ogre/giant club (28)]
 13195 | D:10     | Killed a two-headed ogre
 13195 | D:10     | Reached XP level 11. HP: 2/84 MP: 11/11
 13622 | D:10     | Noticed a two-headed ogre
 13629 | D:10     | Killed a two-headed ogre
 14038 | D:7      | Bought a steaming scale mail for 270 gold pieces
 14048 | D:7      | Identified the cursed +1 scale mail "Dokhle Qyosui" {Str+3 Dex-3 Slay+2} (You bought it in a shop on level 7 of the Dungeon)
 14223 | D:10     | Noticed a two-headed ogre
 14230 | D:10     | Killed a two-headed ogre
 15118 | D:11     | Found a flagged portal.
 15119 | D:11     | Noticed a catoblepas
 15127 | D:11     | Killed a catoblepas
 15194 | Bailey   | Entered a bailey
 15693 | Bailey   | Noticed an orc knight
 15693 | Bailey   | Noticed an orc knight
 15704 | Bailey   | Killed an orc knight
 15705 | Bailey   | Slain by an orc knight

Vault maps used:
D:1:      dpeg_arrival_tiny_h, minmay_door_square
D:3:      cheibrodos_helix_gallery, uniq_sigmund, uniq_robin
D:4:      lemuel_blue_sif_altar, chequers_temple_overflow_statue_of_worship,
          kennysheep_mini_moat
D:5:      nemelex_xobeh_ov_fountains_minmay, nicolae_overflow_crystal_walls,
          nicolae_overflow_hidden_temple, first_bread, nrook_pool_corridor
D:6:      temple_pool_b, serial_shops,
          nicolae_shop_temple_entry_statues_fountains
D:7:      trog_ov_bears_minmay, serial_shops, nicolae_shop_statue_plus
D:8:      dk_yredelemnul_ordeal
D:9:      serial_gnoll_camp, gnoll_camp_mini_loothouse, gnoll_camp_medium_01,
          gnoll_camp_mini_doghouse, gnoll_camp_mini_shop, gnoll_camp_mini_hut,
          gnoll_camp_mini_shop
D:11:     dpeg_oklobed_lair, enter_bailey_2
Temple:   cyrus_circular_temple
Bailey:   bailey_polearm_5, bailey

Skill      XL: |  1  2  3  4  5  6  7  8  9 10 11 |
---------------+----------------------------------+-----
Dodging        | 3 4 5 6 |  6.4
Maces & Flails | 3 4 5 6 8 |  8.2
Armour         | 1 3 4 5 6 |  6.5
Fighting       | 3 4 6 7 8 |  8.2
Evocations     | 1 |  1.4
Axes           | 2 6 8 |  8.5
Throwing       | |  1.8
Stealth        | |  0.5

Action                   |  1- 3 |  4- 6 |  7- 9 | 10-12 || total
-------------------------+-------+-------+-------+-------++-------
Melee: Flail             |   146 |   202 |   613 |       ||   961
       Broad axe         |       |       |    21 |   293 ||   314
Invok: Potion Petition   |       |       |       |     2 ||     2
 Abil: Evoke Flight      |       |       |       |     1 ||     1
Evoke: Wand              |       |       |     8 |     8 ||    16
  Use: Scroll            |       |     6 |     6 |     2 ||    14
 Stab: Distracted        |       |       |     2 |     2 ||     4
Armor: Leather armour    |    30 |       |       |       ||    30
       Ring mail         |    30 |    91 |   262 |    61 ||   444
       Scale mail        |       |       |       |    44 ||    44
Dodge: Dodged            |   103 |   179 |   505 |   240 ||  1027
